 Dungeon Crawl Stone Soup version 0.30-a0-55-g90e3122c3a (webtiles) character file.

Game seed: 3975594457405690054

560 Decritt the Covered (level 7, 0/44 HPs)
             Began as a Gargoyle Fighter on Sept 9, 2022.
             Slain by a phantom (4 damage)
             ... on level 4 of the Dungeon.
             The game lasted 00:09:52 (5008 turns).

Decritt the Covered (Gargoyle Fighter)              Turns: 5008, Time: 00:09:53

Health: 0/44       AC: 12    Str: 22    XL:     7   Next: 31%
Magic:  7/7        EV:  8    Int:  8    God:
Gold:   72         SH:  8    Dex:  9    Spells: 6/6 levels left

rFire   . . .      SeeInvis .    y - +3 spear
rCold   . . .      Faith    .    w - +0 kite shield
rNeg    + . .      Spirit   .    b - +0 scale mail
rPois   ∞          Reflect  .    (no helmet)
rElec   +          Harm     .    (no cloak)
rCorr   .          Rampage  .    (no gloves)
Will    .....                    (no boots)
Stlth   ..........               (no amulet)
HPRegen 0.14/turn                (no ring)
MPRegen 0.10/turn                (no ring)

@: no status effects
A: sickness immunity, AC +4, negative energy resistance 1, electricity
resistance, torment resistance 1, petrification resistance
a: no special abilities


You were on level 4 of the Dungeon.
You visited 1 branch of the dungeon, and saw 5 of its levels.

You collected 204 gold pieces.
You spent 132 gold pieces at shops.

Inventory:

Hand Weapons
 a - a +0 flail
 f - a +0 dagger of electrocution
 h - a +0 morningstar
 y - a +3 spear (weapon)
Missiles
 k - a throwing net (quivered)
Armour
 b - a +0 scale mail (worn)
 c - a +0 buckler
 w - a +0 kite shield (worn)
Jewellery
 v - a ring of magical power
Scrolls
 e - 2 scrolls of magic mapping
 j - 4 scrolls of fear
 l - 2 scrolls of poison
 m - 7 scrolls of teleportation
 o - a scroll of blinking
 q - a scroll of summoning
Potions
 d - 5 potions of might
 g - 2 potions of haste
 n - a potion of lignification
 p - a potion of attraction
 r - a potion of flight {unknown}
 x - a potion of mutation
 z - 2 potions of degeneration {unknown}


   Skills:
 + Level 5.0 Fighting
 - Level 3.1 Maces & Flails
 * Level 5.7 Armour
 - Level 1.0 Dodging
 * Level 5.6 Shields


You had 6 spell levels left.
You didn't know any spells.
Your spell library contained the following spells:

 Spells                   Type           Power      Damage    Failure   Level
 Sandblast                Erth           0%         2d4       96%         1
 Shock                    Conj/Air       0%         1d3       96%         1
 Passwall                 Tmut/Erth      0%         N/A       99%         2
 Gell's Gravitas          Tloc           0%         N/A       100%        3
 Lesser Beckoning         Tloc           0%         N/A       100%        3
 Stone Arrow              Conj/Erth      0%         3d7       100%        3
 Teleport Other           Tloc           0%         N/A       100%        3
 Petrify                  Tmut/Erth      0%         N/A       100%        4
 Irradiate                Conj/Tmut      0%         3d11      100%        5
 Sublimation of Blood     Necr           Unusable   N/A       N/A         2

Dungeon Overview and Level Annotations

Branches:
Dungeon (5/15)
 Temple: D:4-7

Altars:
Sif Muna
Trog

Shops:
D:3 ?   D:4 ?


Innate Abilities, Weirdness & Mutations

You are immune to sickness and miasma.
Your stone body is resilient. (AC +4)
You are immune to poison.
You resist negative energy. (rN+)
You are resistant to electric shocks. (rElec)
You are resistant to unholy torment.
You are immune to petrification.


Message History

The phantom hits you but does no damage.
You closely miss the phantom.
The phantom is moderately damaged.
The phantom completely misses you.
You miss the phantom.
The phantom is moderately damaged.
The phantom hits you but does no damage.
You hit the phantom.
The phantom is moderately damaged.
The phantom hits you but does no damage. x2
You hit the phantom but do no damage.
The phantom is moderately damaged.
You block the phantom's attack.
You barely miss the phantom.
The phantom is moderately damaged.
The phantom barely misses you.
You hit the phantom but do no damage.
The phantom is moderately damaged.
The phantom hits you but does no damage.
You hit the phantom.
The phantom is heavily damaged.
You block the phantom's attack. The phantom barely misses you.
You puncture the phantom!
The phantom is severely damaged.
The phantom hits you.
* * * LOW HITPOINT WARNING * * *
You hit the phantom but do no damage.
The phantom is severely damaged.
You block the phantom's attack.
You miss the phantom.
The phantom is severely damaged.
The phantom hits you.
* * * LOW HITPOINT WARNING * * *
You feel better. The phantom hits you.
* * * LOW HITPOINT WARNING * * *
The phantom blinks!
You blink.
You closely miss the phantom.
The phantom is severely damaged.
The phantom hits you.
You die...

### ###
######## ..###
##.#####
##.......
....##
##..W...#
#........
.....##
###...@...##
#........
......##
#..........#
##.......
.......#
##..........##
#.......
......##
#............#
#.......
.....##
#............#
#.>..... ...###
##......§....##
##...... .###
#...)(.......#
#...... ## ###
#....[.......#
#...... ###.##
##...........#
#......


You could see a phantom.

Vanquished Creatures
  An ice beast (D:4)
  An ogre (D:5)
  A scorpion (D:4)
  Jessica (D:3)
  2 iguanas (D:4)
  An orc wizard (D:4)
  5 gnolls (D:3)
  6 adders
  A shadow imp (D:4)
  6 dart slugs
  10 orcs (D:4)
  3 bats (D:2)
  8 endoplasms
  A giant cockroach (D:4)
  10 goblins
  A hobgoblin (D:3)
  10 jackals
  5 kobolds
  5 quokkas
  5 ball pythons
  3 frilled lizards
  6 rats
92 creatures vanquished.

Notes
Turn   | Place    | Note
-------+----------+-------------------------------------------
     0 | D:1      | Decritt the Gargoyle Fighter began the quest for the Orb.
     0 | D:1      | Reached XP level 1. HP: 14/14 MP: 1/1
   224 | D:1      | Reached XP level 2. HP: 19/19 MP: 2/2
  1221 | D:2      | Reached XP level 3. HP: 23/23 MP: 3/3
  1326 | D:2      | Found a faded altar of an unknown god.
  1493 | D:2      | Reached skill level 1 in Dodging
  1604 | D:2      | Reached XP level 4. HP: 26/29 MP: 4/4
  2179 | D:3      | Found Qusiut's Magic Scroll Boutique.
  2234 | D:3      | Bought a scroll of identify for 22 gold pieces
  2234 | D:3      | Bought a scroll of teleportation for 33 gold pieces
  2234 | D:3      | Bought 2 scrolls of identify for 44 gold pieces
  2234 | D:3      | Bought a scroll of teleportation for 33 gold pieces
  2253 | D:3      | Found a bloodstained altar of Trog.
  2304 | D:3      | Found a shimmering blue altar of Sif Muna.
  2304 | D:3      | Noticed Jessica
  2306 | D:3      | Killed Jessica
  2307 | D:3      | Reached XP level 5. HP: 33/33 MP: 5/5
  2310 | D:3      | Got Sif Muna's Anthology of the Lethal Lungs
  3494 | D:4      | Reached XP level 6. HP: 29/39 MP: 6/6
  4028 | D:4      | Reached skill level 5 in Armour
  4277 | D:4      | Found Cogan Jee's Magic Scroll Shop.
  4316 | D:4      | Reached skill level 5 in Shields
  4779 | D:5      | Entered Level 5 of the Dungeon
  4819 | D:5      | Reached XP level 7. HP: 31/44 MP: 7/7
  4990 | D:4      | Reached skill level 5 in Fighting
  5008 | D:4      | Slain by a phantom

Illustrated notes

Levels and vault maps discovered:
D:1:      dpeg_arrival_arbitrary_a, layout_basic
D:2:      minmay_door_path, layout_loops_ring, shapermc_ecumenical_altar_ellora,
          chequers_serial_rivers_room_b, st_stairs_13, minmay_tromino_v4_a
D:3:      layout_basic, nzn_overflow_gifts_of_might_and_magic, serial_shops,
          shop, serial_curves, eino_curves_04, eino_curves_03, eino_curves_02,
          eino_curves_03, nicolae_figureground_sparkle
D:4:      layout_cave_pods, serial_shops, shop
D:5:      layout_cave_pools, nicolae_overflow_hallway_of_the_gods,
          tso_metal_star, minmay_temple_entry_glass, uniq_prince_ribbit1

Skill      XL: |  1  2  3  4  5  6  7 |
---------------+----------------------+-----
Dodging        | 1 |  1.0
Fighting       | 4 5 |  5.0
Armour         | 4 5 |  5.7
Maces & Flails | 3 |  3.1
Shields        | 4 5 |  5.6

Action                   |  1- 3 |  4- 6 |  7- 9 || total
-------------------------+-------+-------+-------++-------
Melee: Dagger            |    88 |    74 |       ||   162
       Flail             |     1 |       |       ||     1
       Spear             |       |   208 |    40 ||   248
  Use: Scroll            |       |    15 |       ||    15
       Potion            |       |       |     1 ||     1
Armor: Scale mail        |    34 |   165 |    31 ||   230
Dodge: Dodged            |    27 |   125 |    21 ||   173
Block: Buckler           |    16 |     3 |       ||    19
       Kite shield       |       |   116 |    18 ||   134

Table legend: (Time is in decaauts)
 A = Elapsed time spent in this place.
 B = Non-inter-level travel time spent in this place.
 C = Inter-level travel time spent in this place.
 D = Time resting spent in this place.
 E = Time spent auto-exploring this place.
 F = Levels seen in this place.
 G = Mean time per level.
                   A        B        C        D        E       F      G
               +--------+--------+--------+--------+--------+-----+--------+
         Total |   5085 |   4955 |    130 |    221 |   3892 |   5 | 1017.0 |
       Dungeon |   5085 |   4955 |    130 |    221 |   3892 |   5 | 1017.0 |
               +--------+--------+--------+--------+--------+-----+--------+

Top non-repeatable levels by time:
     D:4: 1450 daAuts
     D:3: 1347 daAuts
     D:2: 1065 daAuts
     D:1: 1012 daAuts
     D:5: 209 daAuts
